 Dungeon Crawl Stone Soup version 0.31-a0-1529-g7bd419a0e5 (webtiles) character file.

Game seed: 12517916897006660127

11935 shadizar the Fighter (level 12, -1/96 HPs)
             Began as a Djinni Fire Elementalist on Dec 31, 2023.
             Slain by an ettin
             ... wielding a +0 dire flail
              (18 damage)
             ... on level 2 of the Orcish Mines.
             The game lasted 00:25:36 (12492 turns).

shadizar the Fighter (Djinni Fire Elementalist)    Turns: 12492, Time: 00:25:36

Health: -1/96      AC:  9    Str:  7    XL:     12   Next: 13%
Gold:   1122       EV: 17    Int: 22    God:
                   SH:  0    Dex: 19

rFire   + + .        s - +2 whip (freeze)
rCold   x . .        (no shield)
rNeg    + . .        a - +0 troll leather armour
rPois   ∞            p - +1 helmet of Wrong Decisions {rN+ rCorr}
rElec   .            b - +1 cloak
rCorr   +            d - +0 pair of gloves
SInv    +            (boots unavailable)
Will    +....        f - amulet of the acrobat
Stlth   ++           r - ring of Temptation {Dex+5 SInv}
HPRegen 1.16/turn    k - +5 ring of evasion
MPRegen 0.00/turn

%: acrobat, infuse magic (-2 HP)
@: flying
A: sickness immunity, fire resistance 2, cold vulnerability 1, float, innate
caster, HP casting, extra vitality 1
a: no special abilities


You were on level 2 of the Orcish Mines.
You visited 3 branches of the dungeon, and saw 13 of its levels.

You collected 1122 gold pieces.

Inventory:

Hand Weapons
 e - a +2 hand cannon of flaming
 j - a +3 scimitar of flaming
 s - a +2 whip of freezing (weapon)
Armour
 a - a +0 troll leather armour (worn)
 b - a +1 cloak (worn)
 d - a +0 pair of gloves (worn)
 p - the +1 helmet of Wrong Decisions (worn) {rN+ rCorr}
   (You found it on level 8 of the Dungeon)

   rN+:       It protects you from negative energy.
   rCorr:     It protects you from acid and corrosion.
 v - a +0 ring mail of fire resistance
 E - a +0 robe of fire resistance
Magical Staves
 B - a staff of conjuration
Jewellery
 f - an amulet of the acrobat (around neck)
 k - a +5 ring of evasion (right hand)
 o - a ring of ice
 r - the ring of Temptation (left hand) {Dex+5 SInv}
   (You found it on level 3 of the Dungeon)

   [ring of see invisible]

   Dex+5:     It affects your dexterity (+5).
   SInv:      It lets you see invisible.
Wands
 h - a wand of iceblast (9)
 u - a wand of quicksilver (7)
 x - a wand of mindburst (19)
 C - a wand of charming (8)
Scrolls
 l - 5 scrolls of identify
 t - 6 scrolls of teleportation
 y - 5 scrolls of enchant armour
Potions
 c - a potion of might
 g - 3 potions of haste
 m - 4 potions of curing
 n - 8 potions of enlightenment
 w - 4 potions of berserk rage


   Skills:
 + Level 12.3 Fighting
 + Level 5.6 Armour
 - Level 2.7 Dodging
 - Level 2.0 Stealth
 * Level 10.3 Spellcasting
 * Level 10.3 Conjurations
 * Level 10.3 Hexes
   Level 0.0 Charms
 * Level 10.3 Summonings
 * Level 10.3 Necromancy
 * Level 10.3 Translocations
   Level 0.0 Transmutations
 * Level 10.3 Fire Magic
 * Level 10.3 Ice Magic
 * Level 10.3 Air Magic
 * Level 10.3 Earth Magic
 * Level 10.3 Alchemy


You knew the following spells:

 Your Spells              Type           Power      Damage    Failure   Level
a - Foxfire               Conj/Fire      100%       2x1d9     1%          1
b - Scorch                Fire           100%       2d9       1%          2
c - Volatile Blastmotes   Fire/Tloc      100%       2d18      1%          3
d - Inner Flame           Hex/Fire       54%        N/A       1%          3
e - Flame Wave            Conj/Fire      54%        2d13      1%          4
f - Sting                 Conj/Alch      100%       1d9       1%          1
g - Call Imp              Summ           100%       N/A       1%          2
h - Gell's Gravitas       Tloc           54%        N/A       1%          3
i - Iskenderun's Mystic   Conj/Tloc      54%        2d12      1%          4
j - Ignite Poison         Fire/Alch      54%        N/A       1%          4
Your spell library was empty.

Dungeon Overview and Level Annotations

Branches:
Dungeon (10/15)            Temple (1/1) D:4            Lair (0/5) D:10
    Orc (2/2) D:9
    Elf: Orc:2

Altars:
Ashenzari
Cheibriados
Dithmenos
Elyvilon
Fedhas
Gozag
Hepliaklqana
Makhleb
Nemelex Xobeh
Okawaru
Qazlal
Ru
Trog
Uskayaw
Wu Jian
Xom
Yredelemnul
Zin
The Shining One

Shops:
D:5 =

Annotations:
D:4 2 runed translucent doors, Crazy Yiuf; Tenar's ghost, amateur DsCA
D:7 1 runed translucent door


Innate Abilities, Weirdness & Mutations

You are immune to sickness and miasma.
You are immune to poison.
Your flesh is very heat resistant. (rF++)
You are vulnerable to cold. (rC-)
You float through the air rather than walking.
You learn spells naturally, not from books.
Your magical power is your life essence.
You have superior vitality. (+4 MHP)


Message History

The mystic blast hits the ettin!
The ettin is heavily wounded.
The ettin is knocked back by the mystic blast.
Casting: Iskenderun's Mystic Blast (mildly dangerous; 1% risk of failure)
Confirm with . or Enter, or press ? or * to list all spells.
You erupt in a blast of force!
The mystic blast hits the ettin!
The ettin is severely wounded.
The ettin is knocked back by the mystic blast.
Unknown command.
Casting: Iskenderun's Mystic Blast (mildly dangerous; 1% risk of failure)
Confirm with . or Enter, or press ? or * to list all spells.
You erupt in a blast of force!
The mystic blast hits the ettin but does no damage.
The ettin is severely wounded.
Casting: Iskenderun's Mystic Blast (mildly dangerous; 1% risk of failure)
Confirm with . or Enter, or press ? or * to list all spells.
You erupt in a blast of force!
The mystic blast hits the ettin.
The ettin is severely wounded.
The ettin hits you with a +0 dire flail!!
* * * LOW HITPOINT WARNING * * *
The ettin closely misses you.
Casting: Iskenderun's Mystic Blast (mildly dangerous; 1% risk of failure)
Confirm with . or Enter, or press ? or * to list all spells.
You erupt in a blast of force!
The mystic blast hits the ettin.
The ettin is severely wounded.
The ettin is knocked back by the mystic blast.
* * * LOW HITPOINT WARNING * * *
Unknown command.
Unknown command.
Unknown command.
Unknown command.
Unknown command.
Casting: Iskenderun's Mystic Blast (mildly dangerous; 1% risk of failure)
Confirm with . or Enter, or press ? or * to list all spells.
You erupt in a blast of force!
The mystic blast hits the ettin!
The ettin is almost dead.
* * * LOW HITPOINT WARNING * * *
The ettin closely misses you.
The ettin hits you with a +0 dire flail!!
You die...

......
.....
....## #
....## ..
#....###...
#..).).....
#..C.).....
#..@))....#
###........
#......$#
........#
.........
....$.#...
...#..#...
....#### $.


You could see an ettin.

Vanquished Creatures
  Erica (D:9)
  2 two-headed ogres (D:10)
  5 kobold blastminers (Orc:1)
  Maggie (D:10)
  Jeremiah (D:9)
  3 trolls
  Grinder (D:5)
  3 hornets
  4 yaks (D:9)
  A wyvern (D:7)
  A warg (Orc:2)
  2 steam dragons (D:8)
  Menkaure (D:5)
  2 water moccasins
  17 orc warriors
  An ice beast (D:8)
  A sky beast (D:5)
  2 wolves (D:10)
  8 ogres
  3 centaurs
  2 kobold brigands
  2 bullfrogs
  A scorpion (D:7)
  4 gnoll sergeants
  4 howler monkeys
  2 hounds
  A jelly (D:6)
  2 bombardier beetles
  2 gnoll boudas
  11 orc priests
  Jessica (D:3)
  Ijyb (D:4)
  3 iguanas
  15 orc wizards
  14 adders
  28 gnolls
  2 shadow imps
  A white imp (D:6)
  2 dart slugs
  47 orcs
  5 endoplasms
  3 giant cockroaches
  5 goblins
  11 hobgoblins
  11 jackals
  7 quokkas
  4 ball pythons
  5 bats (D:1)
  3 frilled lizards (D:1)
  20 kobolds
  5 rats
284 creatures vanquished.

Vanquished Creatures (collateral kills)
  5 foxfires (D:4)
5 creatures vanquished.

Vanquished Creatures (others)
  1035 foxfires
1035 creatures vanquished.

Grand Total: 1324 creatures vanquished

Notes
Turn   | Place    | Note
-------+----------+-------------------------------------------
     0 | D:1      | shadizar the Djinni Fire Elementalist began the quest for
                  | the Orb.
     0 | D:1      | shadizar set off with the following spells memorised:
                  | Foxfire, Scorch, Volatile Blastmotes, Inner Flame, Flame
                  | Wave.
     0 | D:1      | Reached XP level 1. HP: 15/15 MP: 0/0
   200 | D:1      | Reached XP level 2. HP: 19/21 MP: 0/0
   458 | D:1      | Reached XP level 3. HP: 22/25 MP: 0/0
   458 | D:1      | Learned a level 1 spell: Sting
   636 | D:1      | Noticed a glass eye
   638 | D:1      | Noticed a glass eye
   641 | D:1      | Found a faded altar of an unknown god.
   646 | D:1      | Noticed a glass eye
   647 | D:1      | Noticed a great orb of eyes
  1061 | D:2      | Reached skill level 1 in Fighting
  1072 | D:2      | Reached XP level 4. HP: 15/32 MP: 0/0
  1380 | D:2      | Reached skill level 2 in Fighting
  1599 | D:2      | Reached XP level 5. HP: 36/38 MP: 0/0
  1599 | D:2      | Learned a level 2 spell: Call Imp
  1793 | D:3      | Noticed Jessica
  1807 | D:3      | Killed Jessica
  1894 | D:3      | Identified the ring of Temptation {Dex+5 SInv}
  2461 | D:4      | Found a shimmering altar of Xom.
  2467 | D:4      | Reached skill level 3 in Fighting
  2640 | D:4      | Reached XP level 6. HP: 44/46 MP: 0/0
  2850 | D:4      | Found a runed translucent door.
  2850 | D:4      | Noticed Tenar's ghost (amateur DsCA)
  2855 | D:4      | Noticed Ijyb
  2861 | D:4      | Killed Ijyb
  3180 | D:4      | Found a runed translucent door.
  3181 | D:4      | Noticed Crazy Yiuf
  3220 | D:4      | Found a staircase to the Ecumenical Temple.
  3255 | Temple   | Entered the Ecumenical Temple
  3861 | D:5      | Entered Level 5 of the Dungeon
  3872 | D:5      | Noticed a sky beast
  3875 | D:5      | Killed a sky beast
  3876 | D:5      | Reached skill level 4 in Fighting
  3992 | D:5      | Noticed Menkaure
  3997 | D:5      | Killed Menkaure
  3998 | D:5      | Reached XP level 7. HP: 45/53 MP: 0/0
  3998 | D:5      | Learned a level 3 spell: Gell's Gravitas
  4088 | D:5      | Reached skill level 5 in Spellcasting
  4088 | D:5      | Reached skill level 5 in Conjurations
  4088 | D:5      | Reached skill level 5 in Hexes
  4088 | D:5      | Reached skill level 5 in Summonings
  4088 | D:5      | Reached skill level 5 in Necromancy
  4088 | D:5      | Reached skill level 5 in Translocations
  4088 | D:5      | Reached skill level 5 in Fire Magic
  4088 | D:5      | Reached skill level 5 in Ice Magic
  4088 | D:5      | Reached skill level 5 in Air Magic
  4088 | D:5      | Reached skill level 5 in Earth Magic
  4088 | D:5      | Reached skill level 5 in Alchemy
  4578 | D:5      | Reached skill level 5 in Fighting
  4647 | D:5      | Noticed Grinder
  4653 | D:5      | Killed Grinder
  4654 | D:5      | Reached XP level 8. HP: 55/61 MP: 0/0
  4716 | D:5      | Found Guex's Jewellery Shop.
  5010 | D:6      | Reached skill level 6 in Fighting
  6046 | D:6      | Found an opulent altar of Gozag.
  6046 | D:6      | Found a glowing silver altar of Zin.
  6046 | D:6      | Found a basalt altar of Yredelemnul.
  6046 | D:6      | Found a blossoming altar of Fedhas.
  6052 | D:6      | Found a snail-covered altar of Cheibriados.
  6056 | D:6      | Found a white marble altar of Elyvilon.
  6265 | D:7      | Reached skill level 7 in Fighting
  6268 | D:7      | Reached XP level 9. HP: 59/68 MP: 0/0
  6268 | D:7      | Learned a level 4 spell: Iskenderun's Mystic Blast
  6315 | D:7      | Found a runed translucent door.
  6318 | D:7      | Noticed a sixfirhy
  6489 | D:7      | Noticed a hornet
  6495 | D:7      | Killed a hornet
  6665 | D:7      | Reached skill level 8 in Fighting
  7374 | D:8      | Identified the +1 helmet of Wrong Decisions {rN+ rCorr}
  7701 | D:8      | Reached skill level 9 in Fighting
  7905 | D:8      | Found a hazy altar of Hepliaklqana.
  8053 | D:9      | Reached XP level 10. HP: 47/78 MP: 0/0
  8357 | D:9      | Noticed Erica
  8364 | D:9      | Killed Erica
  8365 | D:9      | Reached skill level 10 in Fighting
  8498 | D:9      | Noticed Jeremiah
  8531 | D:9      | HP: 1/80 [gnoll sergeant/+5 spear of venom (7)]
  9471 | D:9      | Killed Jeremiah
  9535 | D:9      | Reached skill level 11 in Fighting
  9646 | D:9      | Found a staircase to the Orcish Mines.
  9799 | D:10     | Entered Level 10 of the Dungeon
  9799 | D:10     | Found a staircase to the Lair.
  9805 | D:10     | Reached XP level 11. HP: 73/87 MP: 0/0
  9805 | D:10     | Learned a level 4 spell: Ignite Poison
  9812 | D:10     | Reached skill level 1 in Armour
 10239 | D:10     | Noticed a two-headed ogre
 10246 | D:10     | Killed a two-headed ogre
 10355 | D:10     | Noticed a two-headed ogre
 10362 | D:10     | Killed a two-headed ogre
 10847 | D:10     | Found a glowing golden altar of the Shining One.
 10895 | D:10     | Noticed Maggie
 10906 | D:10     | Killed Maggie
 11058 | Orc:1    | Entered Level 1 of the Orcish Mines
 11656 | Orc:1    | Reached skill level 12 in Fighting
 11746 | Orc:1    | Reached skill level 10 in Spellcasting
 11746 | Orc:1    | Reached skill level 10 in Conjurations
 11746 | Orc:1    | Reached skill level 10 in Hexes
 11746 | Orc:1    | Reached skill level 10 in Summonings
 11746 | Orc:1    | Reached skill level 10 in Necromancy
 11746 | Orc:1    | Reached skill level 10 in Translocations
 11746 | Orc:1    | Reached skill level 10 in Fire Magic
 11746 | Orc:1    | Reached skill level 10 in Ice Magic
 11746 | Orc:1    | Reached skill level 10 in Air Magic
 11746 | Orc:1    | Reached skill level 10 in Earth Magic
 11746 | Orc:1    | Reached skill level 10 in Alchemy
 11913 | Orc:1    | Reached skill level 5 in Armour
 11925 | Orc:1    | Reached XP level 12. HP: 72/95 MP: 0/0
 12246 | Orc:2    | Entered Level 2 of the Orcish Mines
 12479 | Orc:2    | Noticed an ettin
 12492 | Orc:2    | Slain by an ettin

Illustrated notes

Levels and vault maps discovered:
D:1:      shiori_arrival_elements, layout_loops_ring,
          hellmonk_ecumenical_altar_watching_god
D:2:      layout_rooms
D:3:      layout_loops_ring, uniq_jessica
D:4:      layout_loops_corners, lemuel_round_altar, temple_green,
          gammafunk_ghost_grave, chequers_big_river, uniq_ijyb,
          uniq_crazy_yiuf_cottage
D:5:      layout_loops_corners, nicolae_vehumet_altar_sigil, serial_rivers,
          chequers_serial_rivers_micro_c, chequers_serial_rivers_small_b,
          chequers_serial_rivers_small_a, chequers_serial_rivers_large_b,
          serial_shops, nicolae_shop_behind_doors, minmay_crossroads,
          uniq_grinder, uniq_menkaure
D:6:      layout_basic, minmay_overflow_temple_hex
D:7:      cheibrodos_shockbox, layout_loops_cross, kennysheep_another_room
D:8:      layout_cave_pools, nicolae_hepliaklqana_hippocampus
D:9:      layout_irregular_city, david_orc_4, uniq_jeremiah, uniq_erica
D:10:     layout_gridville, tso_altar, erik_lair_orcish_takeover,
          dreamdust_mushroom_princess, nicolae_tricolors, uniq_maggie
Temple:   minmay_temple_forest_path
Orc:1:    minmay_goldmine, layout_diamond_mine
Orc:2:    grunt_orc_community_town_hall, layout_diamond_mine,
          grunt_orc_community_big_house_2, grunt_orc_community_big_house_1,
          grunt_orc_community_house_3, grunt_orc_community_house_1,
          grunt_orc_community_house_2, grunt_orc_community_house_1,
          grunt_orc_community_house_2

Skill      XL: |  1  2  3  4  5  6  7  8  9 10 11 |
---------------+----------------------------------+-----
Stealth        | 2 |  2.0
Fighting       | 1 2 3 4 5 7 9 11 12 | 12.3
Spellcasting   | 4 5 6 7 9 10 | 10.3
Conjurations   | 4 5 6 7 9 10 | 10.3
Hexes          | 4 5 6 7 9 10 | 10.3
Summonings     | 4 5 6 7 9 10 | 10.3
Necromancy     | 4 5 6 7 9 10 | 10.3
Translocations | 4 5 6 7 9 10 | 10.3
Fire Magic     | 4 5 6 7 9 10 | 10.3
Ice Magic      | 4 5 6 7 9 10 | 10.3
Air Magic      | 4 5 6 7 9 10 | 10.3
Earth Magic    | 4 5 6 7 9 10 | 10.3
Alchemy        | 4 5 6 7 9 10 | 10.3
Armour         | 5 |  5.6
Dodging        | |  2.7

Action                     |  1- 3 |  4- 6 |  7- 9 | 10-12 || total
---------------------------+-------+-------+-------+-------++-------
  Melee: Unarmed           |     9 |       |       |       ||     9
         Dagger            |     2 |     5 |     1 |     2 ||    10
         Whip              |       |       |       |     1 ||     1
   Cast: Foxfire           |   107 |   118 |   157 |   248 ||   630
         Scorch            |     7 |    26 |    62 |    81 ||   176
         Iskenderun's Myst |       |       |     1 |    78 ||    79
    Use: Scroll            |       |       |    19 |     1 ||    20
         Potion            |       |       |       |     1 ||     1
 Armour: Robe              |    17 |    15 |    12 |    15 ||    59
         Ring mail         |       |       |       |    17 ||    17
         Troll leather arm |       |       |       |    21 ||    21
  Dodge: Dodged            |    26 |    13 |    37 |    77 ||   153

Table legend: (Time is in decaauts)
 A = Elapsed time spent in this place.
 B = Non-inter-level travel time spent in this place.
 C = Inter-level travel time spent in this place.
 D = Time resting spent in this place.
 E = Time spent auto-exploring this place.
 F = Levels seen in this place.
 G = Mean time per level.
                   A        B        C        D        E       F      G
               +--------+--------+--------+--------+--------+-----+--------+
         Total |  12491 |  12210 |    281 |      0 |   9775 |  13 |  960.8 |
       Dungeon |  11225 |  10945 |    280 |      0 |   8933 |  10 | 1122.5 |
        Temple |      1 |      1 |      0 |      0 |      0 |   1 |    1.0 |
  Orcish Mines |   1264 |   1264 |      0 |      0 |    842 |   2 |  632.0 |
               +--------+--------+--------+--------+--------+-----+--------+

Top non-repeatable levels by time:
     D:9: 1593 daAuts
     D:4: 1448 daAuts
     D:6: 1249 daAuts
    D:10: 1234 daAuts
   Orc:1: 1189 daAuts
     D:8: 1121 daAuts
     D:5: 1090 daAuts
     D:7: 1077 daAuts
     D:1: 978 daAuts
     D:3: 743 daAuts
     D:2: 687 daAuts
   Orc:2: 74 daAuts
  Temple: 1 daAuts
